 Dungeon Crawl Stone Soup version 0.18.1-47-g9310371 (webtiles) character file.

391 LinoAlbertino the Shield-Bearer (level 6, -1/55 HPs)
             Began as a Minotaur Fighter on June 20, 2016.
             Was an Initiate of Ashenzari.
             Killed from afar by Blork the orc (6 damage)
             ... with a puff of frost
             ... on level 4 of the Dungeon.
             The game lasted 00:22:23 (2982 turns).

LinoAlbertino the Shield-Bearer (Minotaur Fighter)  Turns: 2982, Time: 00:22:24

Health: -1/55      AC:  7    Str: 22    XL:     6   Next: 50%
Magic:  5/5        EV:  8    Int:  5    God:    Ashenzari [......]
Gold:   112        SH: 10    Dex: 10    Spells: 0 memorised, 5 levels left

rFire  + . .     SeeInvis .     x - +0 short sword (holy)
rCold  x . .     Gourm    .     b - +0 scale mail (curse)
rNeg   . . .     Faith    .     c - +0 shield (curse)
rPois  .         Spirit   .     (helmet restricted)
rElec  .         Dismiss  .     (no cloak)
rCorr  .         Reflect  .     (no gloves)
SustAt .         Harm     .     (no boots)
MR     .....     Rnd*Tele +     (no amulet)
Stlth  ..........               p - ring of fire
                                o - ring of teleportation (curse)

@: about to teleport, not resistant to hostile enchantments, extremely
unstealthy
A: retaliatory headbutt, horns 2
a: Curse Item, Renounce Religion


You were on level 4 of the Dungeon.
You worshipped Ashenzari.
Ashenzari was noncommittal.
You were not hungry.

You visited 1 branch of the dungeon, and saw 4 of its levels.

You collected 112 gold pieces.

Inventory:

Hand Weapons
 a - a +0 trident
 e - a +0 spear
 i - a +0 trident
 j - a +0 hunting sling
 k - a +0 long sword
 n - a +0 spear
 q - a +0 flail
 t - a +0 war axe
 x - a +0 short sword of holy wrath (weapon)
Missiles
 f - 21 arrows
 h - 37 bolts
 l - 115 stones (quivered)
 r - 5 curare-tipped needles
Armour
 b - a cursed +0 scale mail (worn)
 c - a cursed +0 shield (worn)
 u - a +2 pair of boots {ass}
Jewellery
 o - a cursed ring of teleportation (left hand)
 p - a ring of fire (right hand)
Wands
 m - a wand of confusion (14/48)
Scrolls
 g - a scroll of magic mapping
 y - a scroll of identify
Potions
 d - 3 potions of might
 s - a potion of curing
Comestibles
 v - 2 fruits
 w - a bread ration


   Skills:
 + Level 4.8 Fighting
 + Level 3.1 Polearms
 + Level 4.0 Slings
 + Level 4.7 Armour
 + Level 2.0 Dodging
 + Level 0.1 Stealth
 + Level 4.9 Shields
 + Level 0.1 Evocations


You had 5 spell levels left.
You didn't know any spells.

Dungeon Overview and Level Annotations

Branches:
Dungeon (4/15)
 Temple: D:4-7

Altars:
Ashenzari
Pakellas
Ru
Sif Muna

Annotations:
D:4 Blork the orc


Innate Abilities, Weirdness & Mutations

You reflexively headbutt those who attack you in melee.
You have a pair of horns on your head.


Message History

The magic dart hits you! Something hits you.
Something hits you but does no damage. Something hits you but does no damage.
You block something's attack.
You hear some strange, mumbled words.
A puff of frost appears from out of thin air!
The puff of frost hits you!
You feel a terrible chill!
* * * LOW HITPOINT WARNING * * *
You are too injured to fight recklessly!
As you read the scroll of teleportation, it crumbles to dust.
You feel strangely unstable.
You hear some strange, mumbled words.
A puff of frost appears from out of thin air!
The puff of frost hits you!
You feel a terrible chill!
* * * LOW HITPOINT WARNING * * *
You hear some strange, mumbled words.
A puff of frost appears from out of thin air!
The puff of frost hits you!
You feel a terrible chill!
You die...

######## ###......##
###.........##
###............##
###...............####
#....................###
#..................#)..#
#................###..P
#....@..........##..PP
##....)........####≈.≈
##...{....†..## #P≈≈≈
##.....?...## #..≈≈
##.......#.# #.≈≈≈
##.....##.# #P≈≈≈
##...## .. #..≈≈ ##.##
#.# ##≈≈. ### ##P≈≈≈


There were no monsters in sight!

Vanquished Creatures
  Grinder (D:3)
  An orc priest (D:4)
  A hound (D:4)
  Natasha (D:4)
  3 adders
  An ooze (D:1)
  8 orcs
  3 giant cockroaches
  7 goblins
  6 hobgoblins
  10 jackals
  3 kobolds
  2 quokkas
  5 bats
  4 giant newts
  A quokka skeleton (D:4)
  17 rats
74 creatures vanquished.

Notes
Turn   | Place    | Note
--------------------------------------------------------------
     0 | D:1      | LinoAlbertino the Minotaur Fighter began the quest for the Orb.
     0 | D:1      | Reached XP level 1. HP: 19/19 MP: 0/0
   120 | D:1      | Reached XP level 2. HP: 26/27 MP: 1/1
   915 | D:1      | You fall through a shaft!
   924 | D:2      | Reached XP level 3. HP: 28/33 MP: 2/2
   955 | D:2      | Found an oddly glowing altar of Pakellas.
  1023 | D:2      | Found a shattered altar of Ashenzari.
  1035 | D:2      | Became a worshipper of Ashenzari the Shackled
  1212 | D:2      | Found a sacrificial altar of Ru.
  1536 | D:2      | Found a deep blue altar of Sif Muna.
  1882 | D:3      | Reached skill level 1 in Dodging
  1954 | D:3      | Noticed Grinder
  2002 | D:3      | Paralysed by Grinder for 6 turns
  2016 | D:3      | Killed Grinder
  2016 | D:3      | Reached XP level 4. HP: 30/41 MP: 3/3
  2016 | D:3      | Reached XP level 5. HP: 35/47 MP: 4/4
  2095 | D:3      | Reached XP level 6. HP: 52/53 MP: 5/5
  2960 | D:4      | Noticed Natasha
  2961 | D:4      | Noticed Blork the orc
  2968 | D:4      | Killed Natasha
  2982 | D:4      | Killed from afar by Blork the orc

Skill      XL: |  1  2  3  4  5  6 |
---------------+-------------------+-----
Fighting       | 4 |  4.8
Shields        | 4 |  4.9
Armour         | 4 |  4.7
Dodging        | 1 2 |  2.0
Polearms       | 3 |  3.1
Slings         | 3 4 |  4.0
Stealth        | |  0.1
Evocations     | |  0.1

Action                   |  1- 3 |  4- 6 || total
-------------------------+-------+-------++-------
Melee: Trident           |   111 |    34 ||   145
       Headbutt          |    13 |     7 ||    20
       Short sword       |       |    26 ||    26
       War axe           |       |     6 ||     6
 Fire: Hunting sling     |    63 |     7 ||    70
Invok: Curse Item        |       |     2 ||     2
Evoke: Wand              |     4 |     1 ||     5
  Use: Scroll            |     5 |     2 ||     7
       Potion            |     2 |     1 ||     3
  Eat: Bread ration      |     1 |       ||     1
       Meat ration       |       |     1 ||     1
Armor: Scale mail        |    40 |    18 ||    58
Dodge: Dodged            |    37 |    14 ||    51
Block: Shield            |    49 |    37 ||    86
